 Dungeon Crawl Stone Soup version 0.30.1-11-g7821555f0a (webtiles) character file.

Game seed: 6256704191967651458

137 SacredBeard the Purveyor of Pain (level 5, 0/38 HPs)
             Began as a Demonspawn Necromancer on Nov 4, 2023.
             Was an Initiate of Kikubaaqudgha.
             Slain by an orc wizard
             ... wielding a +0 dagger
              (3 damage)
             ... on level 4 of the Dungeon.
             The game lasted 00:05:06 (2686 turns).

SacredBeard the Purveyor of Pain (DsNe)             Turns: 2686, Time: 00:05:06

Health: 0/38       AC:  2    Str:  9    XL:     5   Next: 0%
Magic:  8/8        EV: 14    Int: 16    God:    Kikubaaqudgha [......]
Gold:   130        SH:  0    Dex: 15    Spells: 7/8 levels left

rFire   . . .        d - +0 dagger
rCold   . . .        (no shield)
rNeg    . . .        a - +0 robe
rPois   .            (no helmet)
rElec   .            (no cloak)
rCorr   .            (no gloves)
SInv    .            (no boots)
Will    .....        (no amulet)
Stlth   ++           (no ring)
HPRegen 0.26/turn    (no ring)
MPRegen 0.11/turn

%: no passive effects
@: brilliant, studying Fighting
A: repulsion field 1, foul stench 2, weakness stinger 1
a: Renounce Religion


You were on level 4 of the Dungeon.
You worshipped Kikubaaqudgha.
Kikubaaqudgha was noncommittal.
You visited 1 branch of the dungeon, and saw 4 of its levels.

You collected 130 gold pieces.

Inventory:

Hand Weapons
 d - a +0 dagger (weapon)
Armour
 a - a +0 robe (worn)
Scrolls
 e - 2 scrolls of identify {unknown}
 f - a scroll of poison {unknown}
 g - 2 scrolls of blinking {unknown}
 i - 2 scrolls of teleportation {unknown}
 j - a scroll of noise {unknown}
 k - 2 scrolls of vulnerability {unknown}
 o - a scroll of enchant weapon {unknown}
 p - a scroll of summoning {unknown}
Potions
 b - a potion of magic
 c - a potion of flight {unknown}
 h - a potion of attraction {unknown}
 l - a potion of mutation {unknown}
 m - a potion of brilliance
 n - a potion of curing {unknown}


   Skills:
 * Level 2.3 Fighting
 + Level 1.2 Armour
 + Level 2.1 Dodging
 + Level 2.5 Stealth
 + Level 2.4 Spellcasting
 * Level 5.3 Necromancy


You had 7 spell levels left.
You knew the following spells:

 Your Spells              Type           Power      Damage    Failure   Level
a - Necrotise             Necr           100%       1d9       2%          1

Your spell library contained the following spells:

 Spells                   Type           Power      Damage    Failure   Level
 Vampiric Draining        Necr           28%        2d8       7%          3
 Animate Dead             Necr           28%        N/A       22%         4
 Agony                    Necr           28%        N/A       52%         5


Dungeon Overview and Level Annotations

Branches:
Dungeon (4/15) Zot: 21309
 Temple: D:4-7

Altars:
Kikubaaqudgha
Nemelex Xobeh
Xom


Innate Abilities, Weirdness & Mutations

You are surrounded by a mild repulsion field. (EV +2)
You sometimes emit foul miasma when damaged in melee.
You have a small tail.


Message History

The ufetubus barely misses you. The ufetubus hits you.
* * * LOW HITPOINT WARNING * * *
Casting: Necrotise (safe; 2% risk of failure)
Confirm with . or Enter, or press ? or * to list all spells.
You can't see any susceptible monsters within range! (Use Z to cast anyway.) Unknown command.
You completely miss the ufetubus. The ufetubus hits you.
* * * LOW HITPOINT WARNING * * *
The ufetubus misses you. Something hits you.
* * * LOW HITPOINT WARNING * * *
You barely miss the ufetubus. The ufetubus barely misses you.
The ufetubus closely misses you. x2; The ufetubus barely misses you.
You hear some strange, mumbled words.
Something tries to affect you, but you resist.
You see here 2 scrolls labelled URAGUM VAYW.
You hit the ufetubus.
The ufetubus is moderately wounded.
The ufetubus misses you. The ufetubus completely misses you.
The ufetubus closely misses you. The ufetubus barely misses you.
You hit the ufetubus.
Your tail-slap misses the ufetubus.
The ufetubus is heavily wounded.
The ufetubus closely misses you. The ufetubus hits you.
* * * LOW HITPOINT WARNING * * *
You hit the ufetubus. You tail-slap the ufetubus.
You kill the ufetubus!
Kikubaaqudgha accepts your kill.
You hear some strange, mumbled words.
Something tries to affect you, but you resist.
You have reached level 5!
Your demonic ancestry asserts itself...
Your foul stench grows more powerful.
It was a potion of brilliance.
You feel clever all of a sudden. Something hits you.
* * * LOW HITPOINT WARNING * * *
You hear the slow hiss of an avalanche of sand nearby.
You see here a +0 club.
Something hits you.
You die...
Kikubaaqudgha rasps: "You have failed me!
Welcome... death!"

## #. ....# .. ... ...#.#
... .8...8.#.# ... .....##.#
..#######.###..########
....#...............o.#####
................#..J......#
#....#..###.....@.####.?#..#
#....##..##......## ##.# #
.................# #..#
.................# ...#
...............#.# #..##
............##....# ####
#.......#...........
#<......####....##.#
...#....# ...## .#


You could see an orc and an endoplasm.

Vanquished Creatures
  2 jellies (D:4)
  An adder (D:2)
  An ufetubus (D:4)
  2 dart slugs
  3 orcs
  4 ball pythons
  5 endoplasms
  A giant cockroach (D:3)
  7 goblins
  7 hobgoblins
  A quokka (D:2)
  4 bats
  5 frilled lizards
  5 kobolds
  6 rats
54 creatures vanquished.

Vanquished Creatures (collateral kills)
  A quokka (D:3)
  A frilled lizard (D:3)
2 creatures vanquished.

Grand Total: 56 creatures vanquished

Notes
Turn   | Place    | Note
-------+----------+-------------------------------------------
     0 | D:1      | SacredBeard the Demonspawn Necromancer began the quest for
                  | the Orb.
     0 | D:1      | Reached XP level 1. HP: 13/13 MP: 3/3
   256 | D:1      | Gained mutation: You may rarely emit foul miasma when
                  | damaged in melee. [demonic ancestry]
   256 | D:1      | Reached XP level 2. HP: 20/20 MP: 0/5
  1134 | D:2      | Gained mutation: You are surrounded by a mild repulsion
                  | field. (EV +2) [demonic ancestry]
  1134 | D:2      | Reached XP level 3. HP: 25/25 MP: 2/6
  1335 | D:2      | Reached skill level 1 in Fighting
  1712 | D:3      | Reached skill level 5 in Necromancy
  1721 | D:3      | Reached skill level 1 in Armour
  1938 | D:3      | Found a shimmering altar of Xom.
  1939 | D:3      | Found an ancient bone altar of Kikubaaqudgha.
  1950 | D:3      | Became a worshipper of Kikubaaqudgha
  2086 | D:3      | Found a sparkling altar of Nemelex Xobeh.
  2488 | D:4      | Gained mutation: You have a small tail. [demonic ancestry]
  2488 | D:4      | Reached XP level 4. HP: 33/33 MP: 2/7
  2676 | D:4      | HP: 1/33 [ufetubus (2)]
  2678 | D:4      | Gained mutation: You sometimes emit foul miasma when
                  | damaged in melee. [demonic ancestry]
  2678 | D:4      | Reached XP level 5. HP: 2/38 MP: 8/8
  2686 | D:4      | Slain by an orc wizard

Illustrated notes

Levels and vault maps discovered:
D:1:      tarquinn_simple_flora_water_d, layout_loops_cross, serial_bayou_pond_e
D:2:      layout_rooms, serial_bayou_crossing
D:3:      layout_loops_ring, general_overflow_altar,
          gammafunk_temple_overflow_pools, st_stairs_5, due_unseen_surprise
D:4:      kennysheep_big_flooded_room, layout_cave_pools, grunt_gozag_statues,
          nicolae_ossuary_entry_giza, minmay_close_crescents, uniq_edmund

Skill      XL: |  1  2  3  4 |
---------------+-------------+-----
Stealth        | 2 |  2.5
Fighting       | 1 2 |  2.3
Dodging        | 2 |  2.1
Necromancy     | 5 |  5.3
Armour         | 1 |  1.2
Spellcasting   | |  2.4

Action                     |  1- 3 |  4- 6 || total
---------------------------+-------+-------++-------
  Melee: Unarmed           |     4 |       ||     4
         Dagger            |    31 |    21 ||    52
         Tailslap          |       |     3 ||     3
   Cast: Necrotise         |    74 |     9 ||    83
    Use: Potion            |       |     1 ||     1
   Stab: Sleeping          |     2 |       ||     2
 Armour: Robe              |    10 |     3 ||    13
  Dodge: Dodged            |    29 |    37 ||    66
